 Dungeon Sprint DCSS version 0.30-a0-881-g1ff12e1e11 (webtiles) character file.

Game seed: 5290615710749458744

571 testman the Fighter (level 7, -12/68 HPs)
             Began as a Demonspawn Berserker on Mar 14, 2023.
             Was a Believer of Trog.
             Mangled by a sun demon (19 damage)
             ... summoned by a kobold demonologist
             ... in the Dungeon (Sprint I: "Red Sonja").
             The game lasted 00:04:12 (601 turns).

testman the Fighter (Demonspawn Berserker)           Turns: 601, Time: 00:04:14

Health: -12/68     AC:  6    Str: 19    XL:     7   Next: 11%
Magic:  7/7        EV: 10    Int:  8    God:    Trog [**....]
Gold:   405        SH:  0    Dex: 13    Spells: 6/6 levels left

rFire   . . .      SeeInvis .    k - +0 long sword
rCold   . . .      Faith    .    (no shield)
rNeg    . . .      Spirit   .    j - +0 scale mail
rPois   .          Reflect  .    (no helmet)
rElec   .          Rampage  .    (no cloak)
rCorr   .          NoTele   +    (no gloves)
Will    ++...                    (no boots) Stlth
                                 (no amulet)
HPRegen 1.31/turn                (no ring)
MPRegen 0.10/turn                (no ring)

@: lethally poisoned (-12 -> -12), strong-willed, on berserk cooldown,
regenerating, slowed, very slow
A: demonic guardian 1, condensation shield
a: Renounce Religion, Berserk, Trog's Hand


You were in the Dungeon.
You worshipped Trog.
Trog was pleased with you.
You visited 1 branch You collected 405 gold pieces.

Inventory:

Hand Weapons
 a - a +0 falchion
 k - a +0 long sword (weapon)
Armour
 b - a +0 animal skin
 j - a +0 scale mail (worn)
Wands
 i - a wand of flame (3)
Scrolls
 h - a scroll of blinking
Potions
 c - 2 potions of curing
 d - a potion of heal wounds
 e - a potion of haste
 f - 2 potions of magic
 g - a potion of berserk rage


   Skills:
 + Level 11.3 Fighting
 + Level 10.4 Long Blades
 - Level 1.7 Armour
 - Level 1.7 Dodging


You had 6 spell levels left.
You didn't know any spells.
Your spell library was empty.

Dungeon Overview and Level Annotations

Branches:
Dungeon (1/1)

Altars:
Makhleb
Sif Muna
Vehumet
Wu Jian
Xom
Jiyva
Lugonu


Innate Abilities, Weirdness & Mutations

A weak demonic guardian rushes to your aid.
A meltable shield of frost defends you. (SH +0)


Message History

The kobold demonologist is heavily wounded.
You feel very sick. The orange demon closely misses you.
The kobold demonologist closely misses you.
The kobold demonologist hits you with a +0 dagger.
You miss the kobold demonologist.
The kobold demonologist is heavily wounded.
You feel very sick.
The kobold demonologist mumbles some strange words.
The orange demon stings you from afar.
The kobold demonologist hits you with a +0 dagger.
The orange demon stings you from afar.
The kobold demonologist casts a cantrip, but nothing happens.
The kobold demonologist hits you but does no damage.
You slash the kobold demonologist!
The kobold demonologist is almost dead.
You feel very sick. The sun demon hits you!
* * * LOW HITPOINT WARNING * * *
A demonic guardian appears!
You are engulfed in flames!
* * * LOW HITPOINT WARNING * * *
The kobold demonologist hits you but does no damage.
The orange demon stings you but does no damage.
The kobold demonologist casts a spell.
You hit the kobold demonologist.
The kobold demonologist is almost dead.
You feel sick. The sun demon closely misses you.
The kobold demonologist begins to cast a cantrip, but forgets the words!
The orange demon closely misses you.
The kobold demonologist barely misses you.
Your shadow imp barely misses the kobold demonologist.
The sun demon hits you but does no damage.
Unknown command.
You barely miss the kobold demonologist.
The kobold demonologist is almost dead.
You feel sick.
The kobold demonologist mumbles some strange words.
The kobold demonologist casts a spell.
The orange demon closely misses you. The sun demon hits you!!
You die...

######################
..)..#..'..#__#5KK45.#
).#..').#..'..53@#...#
####'#####'#__#### ..+
#..#...#.#### ##
####..##.# ##'#_.+
+..._# #_.#'# ##+#[#
###


You could see a sun demon (summoned), an orange demon (summoned), 2 kobold
demonologists, an iron imp (summoned), a white imp (summoned) and a friendly
shadow imp (summoned).

Vanquished Creatures
  A slime creature (D)
  A floating eye (D)
  An ogre (D)
  Ijyb (D)
4 creatures vanquished.

Vanquished Creatures (collateral kills)
  Sigmund (D)
  A jelly (D)
2 creatures vanquished.

Grand Total: 6 creatures vanquished

Notes
Turn   | Place    | Note
-------+----------+-------------------------------------------
     0 | D        | testman the Demonspawn Berserker began the quest for the
                  | Orb.
     0 | D        | Reached XP level 1. HP: 18/18 MP: 1/1
     1 | D        | Noticed Ijyb
    11 | D        | Killed Ijyb
    12 | D        | Reached skill level 5 in Fighting
    12 | D        | Gained mutation: A weak demonic guardian rushes to your
                  | aid. [demonic ancestry]
    12 | D        | Reached XP level 2. HP: 14/27 MP: 2/2
    78 | D        | Noticed an ogre
    82 | D        | Killed an ogre
    83 | D        | Reached skill level 7 in Fighting
    83 | D        | Reached XP level 3. HP: 36/36 MP: 3/3
    83 | D        | Reached XP level 4. HP: 43/43 MP: 4/4
   125 | D        | Noticed Sigmund
   147 | D        | Killed Sigmund
   147 | D        | Reached ** piety under Trog
   148 | D        | Reached skill level 9 in Fighting
   148 | D        | Reached XP level 5. HP: 6/52 MP: 5/5
   148 | D        | Gained mutation: A meltable shield of frost defends you.
                  | (SH +0) [demonic ancestry]
   148 | D        | Reached XP level 6. HP: 7/59 MP: 6/6
   325 | D        | Found an ornate altar of the Wu Jian Council.
   325 | D        | Found a shimmering blue altar of Sif Muna.
   327 | D        | Found a radiant altar of Vehumet.
   513 | D        | Found a burning altar of Makhleb.
   513 | D        | Found a viscous altar of Jiyva.
   513 | D        | Found a shimmering altar of Xom.
   513 | D        | Found a corrupted altar of Lugonu.
   513 | D        | Noticed a slime creature
   520 | D        | Killed a slime creature
   521 | D        | Reached skill level 10 in Fighting
   521 | D        | Reached skill level 10 in Long Blades
   566 | D        | Noticed a kobold demonologist
   566 | D        | Noticed a floating eye
   566 | D        | Noticed a kobold demonologist
   569 | D        | Paralysed by a floating eye for 3 turns
   575 | D        | Noticed a smoke demon
   583 | D        | Killed a floating eye
   584 | D        | Reached skill level 11 in Fighting
   584 | D        | Reached XP level 7. HP: 68/68 MP: 7/7
   596 | D        | Noticed an orange demon
   599 | D        | Noticed a sun demon
   601 | D        | Mangled by a sun demon

Illustrated notes

Levels and vault maps discovered:
D:        dungeon_sprint_1 [red_sonja_temple_1, red_sonja_temple_small_1]

Skill      XL: |  1  2  3  4  5  6 |
---------------+-------------------+-----
Fighting       | 5 7 9 11 | 11.3
Long Blades    | 4 6 8 10 | 10.4
Armour         | |  1.7
Dodging        | |  1.7

Action                     |  1- 3 |  4- 6 |  7- 9 || total
---------------------------+-------+-------+-------++-------
  Melee: Falchion          |    11 |    21 |       ||    32
         Long sword        |       |    19 |    16 ||    35
         Punch             |       |     2 |       ||     2
 Invoke: Berserk           |     2 |     3 |       ||     5
         Trog's Hand       |       |     1 |     1 ||     2
 Armour: Animal skin       |       |     1 |       ||     1
         Scale mail        |       |     3 |    10 ||    13
  Dodge: Dodged            |     2 |    11 |     9 ||    22

Table legend: (Time is in decaauts)
 A = Elapsed time spent in this place.
 B = Non-inter-level travel time spent in this place.
 C = Inter-level travel time spent in this place.
 D = Time resting spent in this place.
 E = Time spent auto-exploring this place.
 F = Levels seen in this place.
 G = Mean time per level.
                   A        B        C        D        E       F      G
               +--------+--------+--------+--------+--------+-----+--------+
         Total |    624 |    602 |     22 |    444 |      0 |   1 |  624.0 |
       Dungeon |    624 |    602 |     22 |    444 |      0 |   1 |  624.0 |
               +--------+--------+--------+--------+--------+-----+--------+

Top non-repeatable levels by time:
       D: 624 daAuts
